 Dungeon Crawl Stone Soup version 0.28.0-53-g5a82cb258f (webtiles) character file.

Game seed: 7346384032923221898

88 cbfl8 the Chopper (level 4, -1/37 HPs)
             Began as a Formicid Berserker on Aug 14, 2022.
             Was a Believer of Trog.
             Slain by an orc priest
             ... wielding a +0 dagger
              (2 damage)
             ... on level 3 of the Dungeon.
             The game lasted 00:02:55 (1548 turns).

cbfl8 the Chopper (Formicid Berserker)              Turns: 1548, Time: 00:02:56

Health: -1/37      AC:  6    Str: 22    XL:     4   Next: 82%
Magic:  4/4        EV: 10    Int:  6    God:    Trog [**....]
Gold:   60         SH:  0    Dex: 12    Spells: 3/3 levels left

rFire   . . .      SeeInvis +   a - +0 hand axe
rCold   . . .      Faith    .   (no shield)
rNeg    . . .      Spirit   .   f - +0 scale mail
rPois   .          Reflect  .   (helmet unavailable)
rElec   .          Harm     .   (no cloak)
rCorr   .          Rampage  .   (no gloves)
Will    .....                   (no boots)
Stlth   ..........              (no amulet)
HPRegen 0.12/turn               (no ring)
MPRegen 0.09/turn               (no ring)

@: no status effects
A: permanent stasis, dig shafts and tunnels, antennae 3, four strong arms
a: Dig, Shaft Self, Renounce Religion, Trog's Hand


You were on level 3 of the Dungeon.
You worshipped Trog.
Trog was pleased with you.
You visited 1 branch of the dungeon, and saw 4 of its levels.

You collected 60 gold pieces.

Inventory:

Hand Weapons
 a - a +0 hand axe (weapon)
Armour
 b - a +0 animal skin
 f - a +0 scale mail (worn)
Jewellery
 g - a +4 ring of protection
Scrolls
 c - a scroll of immolation {unknown}
 d - a scroll of fear {unknown}
 e - a scroll of silence {unknown}
Potions
 h - a potion of attraction {unknown}


   Skills:
 * Level 3.9 Fighting
 * Level 4.0 Axes
 + Level 2.6 Armour
 * Level 2.1 Dodging
 * Level 1.2 Stealth
 * Level 0.7 Evocations


You had 3 spell levels left.
You didn't know any spells.
Your spell library was empty.

Dungeon Overview and Level Annotations

Branches:
Dungeon (4/15)
 Temple: D:4-7

Altars:

Annotations:
D:2 Natasha


Innate Abilities, Weirdness & Mutations

You cannot be hasted, slowed, berserked, paralysed or teleported.
You can dig through walls and to a lower floor.
You have a pair of large antennae on your head. (SInv)
Your four strong arms can wield two-handed weapons with a shield.


Message History

You are too injured to fight recklessly!
Unknown command.
You barely miss the orc.
The orc is almost dead.
You hit the orc priest but do no damage.
The orc priest hits you but does no damage.
The orc hits you with a +0 falchion.
* * * LOW HITPOINT WARNING * * *
Unknown command.
You hit the orc.
You kill the orc!
Trog accepts your kill.
You hit the orc priest but do no damage.
The orc priest hits you with a +0 dagger.
* * * LOW HITPOINT WARNING * * *
You closely miss the orc priest.
The orc priest is moderately wounded.
The orc priest closely misses you. x2
You barely miss the orc priest.
The orc priest is moderately wounded.
The orc priest hits you but does no damage.
You hit the orc priest but do no damage.
The orc priest is moderately wounded.
The orc priest calls down the wrath of Beogh upon you.
Beogh smites you!
* * * LOW HITPOINT WARNING * * *
You hit the orc priest but do no damage.
The orc priest is moderately wounded.
The orc priest hits you with a +0 dagger.
* * * LOW HITPOINT WARNING * * *
You hit the orc priest.
The orc priest is heavily wounded.
The orc priest barely misses you.
You closely miss the orc priest.
The orc priest is heavily wounded.
The orc priest looks encouraged for a moment.
You hit the orc priest.
The orc priest is heavily wounded.
The orc priest hits you with a +0 dagger.
You die...

.........###.......#
........># #........
........## #########
........# ≈#
##......# ≈#
##......##≈#
.........#S# {
.........#≈# {
.......)@#≈#
...#...)o#≈#
####.......# {
#.......B...o.
#.............
#.............
#.............
#......####...
#......# ...


You could see an orc priest.

Vanquished Creatures
  An orc wizard (D:3)
  2 adders
  An adder skeleton (D:4)
  3 orcs (D:3)
  3 ball pythons
  4 endoplasms (D:1)
  3 giant cockroaches
  4 goblins (D:1)
  5 hobgoblins
  3 quokkas (D:1)
  4 bats (D:1)
  2 frilled lizards
  A kobold (D:1)
  A rat (D:1)
37 creatures vanquished.

Notes
Turn   | Place    | Note
-------+----------+-------------------------------------------
     0 | D:1      | cbfl8 the Formicid Berserker began the quest for the Orb.
     0 | D:1      | Reached XP level 1. HP: 18/18 MP: 1/1
   108 | D:1      | Reached XP level 2. HP: 24/24 MP: 2/2
   510 | D:1      | Reached XP level 3. HP: 27/29 MP: 3/3
   612 | D:1      | Found a faded altar of an unknown god.
   904 | D:2      | Noticed Natasha
   912 | D:2      | You fall into a shaft and drop 2 floors!
  1312 | D:4      | Reached XP level 4. HP: 13/37 MP: 4/4
  1530 | D:3      | Reached skill level 1 in Stealth
  1538 | D:3      | Reached ** piety under Trog
  1539 | D:3      | Reached skill level 4 in Axes
  1545 | D:3      | HP: 1/37 [orc priest/+0 dagger (1)]
  1548 | D:3      | Slain by an orc priest

Illustrated notes

Levels and vault maps discovered:
D:1:      amcnicky_arrival_underground_garden, layout_rooms,
          basic_ecumenical_altar, minmay_misc_feat_more_columns, minmay_cut_off
D:2:      layout_basic, lemuel_flame_loot_1, uniq_terence, uniq_natasha,
          uniq_sigmund
D:3:      layout_basic, portal_sewer_entry_d, serial_forest,
          infiniplex_forest_corner_2, infiniplex_forest_lined_room_,
          infiniplex_forest_lined_corner, infiniplex_forest_straight_5,
          infiniplex_forest_clump_small
D:4:      layout_basic, grunt_decor_cap, uniq_edmund

Skill      XL: |  1  2  3  4 |
---------------+-------------+-----
Dodging        | 2 |  2.1
Stealth        | 1 |  1.2
Axes           | 4 |  4.0
Fighting       | |  3.9
Armour         | |  2.6
Evocations     | |  0.7

Action                   |  1- 3 |  4- 6 || total
-------------------------+-------+-------++-------
Melee: Hand axe          |    87 |    24 ||   111
       Punch             |     1 |       ||     1
 Abil: Shaft Self        |     1 |       ||     1
Armor: Animal skin       |     6 |       ||     6
       Scale mail        |    24 |    13 ||    37
Dodge: Dodged            |    64 |    13 ||    77
